 Dungeon Crawl Stone Soup version 0.26-a0-1213-gd52f5182fe (webtiles) character file.

Game seed: 11793537945015053825

121 jasper the Chopper (level 4, -9/40 HPs)
             Began as a Palentonga Fighter on Dec 30, 2020.
             Mangled by Sigmund
             ... wielding a +2 scythe of protection
              (12 damage)
             ... on level 2 of the Dungeon.
             The game lasted 00:02:27 (1226 turns).

jasper the Chopper (Palentonga Fighter)             Turns: 1226, Time: 00:02:27

Health: -9/40      AC:  6    Str: 19    XL:     4   Next: 76%
Magic:  4/4        EV:  5    Int: 12    God:
Gold:   100        SH:  8    Dex: 11    Spells: 3/3 levels left

rFire    . . .     SeeInvis +   a - +0 war axe
rCold    . . .     Faith    .   c - +0 kite shield
rNeg     . . .     Spirit   .   b - +0 scale mail
rPois    .         Reflect  .   (no helmet)
rElec    .         Harm     .   (no cloak)
rCorr    .         Rampage  .   (no gloves)
Will     .....                  (no barding)
Stlth    ..........             (no amulet)
HPRegen  0.13/turn              d - +6 ring of intelligence
MPRegen  0.09/turn              (no ring)

@: brilliant, hasted, very quick
A: large, rugged brown scales 3, see invisible, deformed body, deterioration 1,
dopey 1, evolution 1, roll 1, armoured tail
a: Rolling Charge


You were on level 2 of the Dungeon.
You visited 1 branch of the dungeon, and saw 2 of its levels.

You collected 100 gold pieces.

Inventory:

Hand Weapons
 a - a +0 war axe (weapon)
 j - a +2 dagger of protection
Armour
 b - a +0 scale mail (worn)
 c - a +0 kite shield (worn)
Jewellery
 d - a +6 ring of intelligence (left hand)
Scrolls
 g - 3 scrolls of identify {unknown}
 h - 2 scrolls of fog {unknown}
 k - a scroll of enchant weapon {unknown}
 m - a scroll of remove curse {unknown}
 n - a scroll of magic mapping {unknown}
 o - a scroll of enchant armour {unknown}
 p - a scroll of teleportation {unknown}
Potions
 l - 3 potions of cancellation
 q - a potion of brilliance


   Skills:
 - Level 3.0 Fighting
 + Level 5.0 Axes
 - Level 2.4 Armour
 - Level 2.4 Shields


You had 3 spell levels left.
You didn't know any spells.
Your spell library contained the following spells:

 Spells                   Type           Power        Failure   Level
 Confusing Touch          Hex            0%           100%        3
 Gell's Gravitas          Tloc           0%           100%        3
 Petrify                  Tmut/Erth      0%           100%        4
 Metabolic Englaciation   Hex/Ice        0%           100%        5
 Yara's Violent Unravell  Hex/Tmut       0%           100%        5


Dungeon Overview and Level Annotations

Branches:
Dungeon (2/15)

Altars:

Annotations:
D:2 Sigmund


Innate Abilities, Weirdness & Mutations

You are completely covered in rugged brown scales. (AC +3, +7% HP)
You have supernaturally acute eyesight. (SInv)
Armour fits poorly on your strangely shaped body.
You can roll at nearby foes to attack.
You have a long armoured tail.
Your body sometimes deteriorates upon taking damage.
You are dopey. (Int -2)
You evolve.


Message History

You completely miss Sigmund.
Sigmund is almost dead.
Okay, then.
You bump into the rock wall.
Sigmund hits you with a +2 scythe of protection.
* * * LOW HITPOINT WARNING * * *
You take 1 damage, and have 2/40 hp.
You're too confused to move!
You closely miss Sigmund.
Sigmund is almost dead.
You feel less confused. Sigmund completely misses you.
Roll where?
Press: ? - help, Q - select action Dir - move target, f/p - Sigmund
Aim: Sigmund, wielding a +2 scythe of protection and wearing a +0 robe (almost dead, slightly transparent)
You roll forward with a clatter of scales!
You hit Sigmund but do no damage.
Sigmund is almost dead.
Sigmund hits you with a +2 scythe of protection!
You die...

......)....#########
#..# .........###
.... #######..####
#.... ######.....###
....
##÷<....###...####
.## .†.######
###....# .### ####.#
)####### #○#
.#.....## #@##
#.......## #.@#####
.........# ##.....#
.........# ####...#
.........# ..#
>........# .#
.........# #
#...†...##
.........#


You could see Sigmund (invisible).

Vanquished Creatures
  Natasha (twice) (D:2)
  2 adders
  An ooze (D:2)
  A worm (D:2)
  2 dart slugs (D:1)
  A leopard gecko (D:1)
  A giant cockroach (D:2)
  9 hobgoblins
  3 kobolds
  A quokka (D:2)
  2 ball pythons
  9 bats
  2 frilled lizards
  5 goblins
  5 rats
46 creatures vanquished.

Notes
Turn   | Place    | Note
-------+----------+-------------------------------------------
     0 | D:1      | jasper the Palentonga Fighter began the quest for the Orb.
     0 | D:1      | Reached XP level 1. HP: 20/20 MP: 1/1
   135 | D:1      | Reached XP level 2. HP: 23/27 MP: 2/2
   222 | D:1      | Reached skill level 3 in Axes
   657 | D:2      | Noticed Natasha
   710 | D:2      | Killed Natasha
   711 | D:2      | Reached skill level 4 in Axes
   711 | D:2      | Reached XP level 3. HP: 29/33 MP: 3/3
   781 | D:2      | Reached XP level 4. HP: 33/40 MP: 4/4
   857 | D:2      | Noticed Natasha
   860 | D:2      | Killed Natasha
  1033 | D:2      | Reached skill level 5 in Axes
  1180 | D:2      | Noticed Sigmund
  1203 | D:2      | Gained mutation: You are dopey. (Int -2) [potion of
                  | mutation]
  1203 | D:2      | Gained mutation: Your body sometimes deteriorates upon
                  | taking damage. [potion of mutation]
  1203 | D:2      | Gained mutation: You evolve. [potion of mutation]
  1222 | D:2      | HP: 2/40 [Sigmund/+2 scythe of protection (1)]
  1226 | D:2      | Mangled by Sigmund

Illustrated notes

Levels and vault maps discovered:
D:1:      amcnicky_arrival_feature_with_door, layout_basic,
          chequers_serial_rivers_small_a, hangedman_abyss_or_decor_stabs
D:2:      layout_rooms, uniq_sigmund, uniq_natasha, uniq_crazy_yiuf_cottage

Skill      XL: |  1  2  3  4 |
---------------+-------------+-----
Axes           | 4 5 |  5.0
Fighting       | |  3.0
Armour         | |  2.4
Shields        | |  2.4

Action                   |  1- 3 |  4- 6 || total
-------------------------+-------+-------++-------
Melee: War axe           |    61 |    58 ||   119
       Tailslap          |     6 |     7 ||    13
 Abil: Rolling Charge    |    10 |    13 ||    23
  Use: Potion            |     1 |     5 ||     6
Armor: Scale mail        |    34 |    16 ||    50
Dodge: Dodged            |    26 |     9 ||    35
Block: Kite shield       |    32 |    20 ||    52

Table legend: (Time is in decaauts)
 A = Elapsed time spent in this place.
 B = Non-inter-level travel time spent in this place.
 C = Inter-level travel time spent in this place.
 D = Time resting spent in this place.
 E = Time spent auto-exploring this place.
 F = Levels seen in this place.
 G = Mean time per level.
                   A        B        C        D        E       F      G
               +--------+--------+--------+--------+--------+-----+--------+
         Total |   1261 |   1214 |     47 |     55 |    858 |   2 |  630.5 |
       Dungeon |   1261 |   1214 |     47 |     55 |    858 |   2 |  630.5 |
               +--------+--------+--------+--------+--------+-----+--------+

Top non-repeatable levels by time:
     D:1: 774 daAuts
     D:2: 487 daAuts
